 Dungeon Crawl Stone Soup version 0.22-a0-570-g58866f5 (webtiles) character file.

461 kae the Firebug (level 7, 0/40 HPs)
             Began as a Tengu Fire Elementalist on June 30, 2018.
             Killed from afar by an orc wizard (9 damage)
             ... with a puff of flame
             ... on level 3 of the Dungeon.
             The game lasted 00:04:30 (3712 turns).

kae the Firebug (Tengu Fire Elementalist)           Turns: 3712, Time: 00:04:31

Health: 0/40       AC:  2    Str: 13    XL:     7   Next: 7%
Magic:  12/13      EV: 12    Int: 23    God:
Gold:   98         SH:  0    Dex: 14    Spells: 4/13 levels left

rFire    . . .     SeeInvis .   d - +1 mace
rCold    . . .     Gourm    .   (no shield)
rNeg     . . .     Faith    .   a - +0 robe
rPois    .         Spirit   .   (helmet restricted)
rElec    .         Reflect  .   (no cloak)
rCorr    .         Harm     .   (no gloves)
MR       .....                  (boots unavailable)
Stlth    ++........             (no amulet)
HPRegen  0.13/turn              (no ring)
MPRegen  0.13/turn              (no ring)

@: mighty, brilliant
A: beak, talons 3, able to fly 1
a: Fly


You were on level 3 of the Dungeon.
You were not hungry.

You visited 1 branch of the dungeon, and saw 4 of its levels.

You collected 98 gold pieces.

Inventory:

Hand Weapons
 d - a +1 mace (weapon)
Armour
 a - a +0 robe (worn)
 f - a +0 pair of boots
Jewellery
 l - an uncursed ring of wizardry {unknown}
 n - an uncursed ring of poison resistance {unknown}
Scrolls
 e - a scroll of teleportation
 m - a scroll of enchant weapon
Potions
 b - a potion of haste
Comestibles
 c - 5 rations
 p - a chunk of flesh


   Skills:
 + Level 2.0 Fighting
 - Level 2.1 Dodging
 - Level 2.0 Stealth
 + Level 3.5 Spellcasting
 + Level 4.4 Conjurations
 * Level 6.1 Fire Magic


You had 4 spell levels left.
You knew the following spells:

 Your Spells              Type           Power        Failure   Level  Hunger
a - Flame Tongue          Conj/Fire      #####        1%          1    None
b - Throw Flame           Conj/Fire      #####.       1%          2    #......
c - Conjure Flame         Conj/Fire      #####...     1%          3    ###....
d - Inner Flame           Hex/Fire       ####....     1%          3    ###....

Your spell library contained the following spells:

 Spells                   Type           Power        Failure   Level  Hunger
 Fireball                 Conj/Fire      #####.....   4%          5    ######.
 Sticky Flame             Conj/Fire      #####...     1%          4    ####...


Dungeon Overview and Level Annotations

Branches:
Dungeon (4/15)
 Temple: D:4-7

Altars:
Qazlal
Uskayaw
Zin
The Shining One


Innate Abilities, Weirdness & Mutations

You have a beak for a mouth.
You have claws for feet.
You can fly.


Message History

Unknown command.
It was a potion of brilliance.
You feel clever all of a sudden.
The orc wizard hits you but does no damage.
The orc wizard hits you with a dagger.
* * * LOW HITPOINT WARNING * * *
You feel better. The orc wizard hits you with a dagger.
The orc wizard barely misses you.
The orc wizard points at you and mumbles some strange words.
The puff of frost hits you!
You feel better.
The orc wizard begins to cast a cantrip, but forgets the words!
The orc wizard hits you with a dagger.
* * * LOW HITPOINT WARNING * * *
You feel very mighty all of a sudden. The orc wizard barely misses you.
The orc wizard hits you with a dagger.
* * * LOW HITPOINT WARNING * * *
The orc wizard points at you and mumbles some strange words.
The puff of flame hits you!
You die...

#<# #.# #.# #.# #.# ########## #.#
#........# #.######## #........#
#........# #####........#
########.###@o..........#
#........##o###........#
#.#####..##......#######
#.#......##.###...# #.#.##...##^#
#.#.## #.#.##...##.###.#..#
#.#>..........#.##.#########
#.#######.#.................
######..........#.##.##.#.ยง.##...


You could see 2 orc wizards.

Vanquished Creatures
  Grinder (D:3)
  2 orc priests (D:3)
  An orc wizard (D:3)
  8 adders
  A gnoll (D:2)
  2 oozes
  A worm (D:2)
  2 dart slugs
  2 leopard geckos
  6 orcs (D:3)
  2 giant cockroaches (D:1)
  6 goblins
  8 hobgoblins
  2 jackals (D:2)
  7 kobolds
  2 ball pythons (D:1)
  4 bats
  7 frilled lizards
  5 rats
69 creatures vanquished.

Notes
Turn   | Place    | Note
-------+----------+-------------------------------------------
     0 | D:1      | kae the Tengu Fire Elementalist began the quest for the Orb.
     0 | D:1      | Reached XP level 1. HP: 10/10 MP: 4/4
   234 | D:1      | Reached XP level 2. HP: 15/15 MP: 3/6
   238 | D:1      | Learned a level 2 spell: Throw Flame
   702 | D:1      | Reached skill level 4 in Fire Magic
   702 | D:1      | Reached XP level 3. HP: 18/19 MP: 3/7
  1385 | D:2      | Reached XP level 4. HP: 19/24 MP: 3/8
  1478 | D:2      | Found a stormy altar of Qazlal.
  1643 | D:2      | Gained mutation: You can fly. [Tengu growth]
  1643 | D:2      | Reached XP level 5. HP: 8/28 MP: 6/10
  1915 | D:2      | Found a faded altar of an unknown god.
  2303 | D:3      | Reached skill level 5 in Fire Magic
  2559 | D:3      | Reached skill level 1 in Fighting
  2726 | D:3      | Reached XP level 6. HP: 25/34 MP: 6/11
  2834 | D:3      | Found a faded altar of an unknown god.
  2834 | D:3      | Found a faded altar of an unknown god.
  2840 | D:3      | Found a glowing golden altar of the Shining One.
  2842 | D:3      | Found a glowing silver altar of Zin.
  2843 | D:3      | Found a hide-covered altar of Uskayaw.
  3192 | D:3      | Noticed Grinder
  3227 | D:3      | Learned a level 3 spell: Conjure Flame
  3231 | D:3      | Learned a level 3 spell: Inner Flame
  3305 | D:3      | Killed Grinder
  3305 | D:3      | Reached skill level 6 in Fire Magic
  3305 | D:3      | Reached XP level 7. HP: 34/40 MP: 0/13
  3712 | D:3      | Killed from afar by an orc wizard

Vault maps used:
D:1:      minmay_arrival_three_doors
D:2:      lemuel_doored_altar, first_ration,
          chequers_ecumenical_altar_simple_redux, cheibrodos_gnoll_hut
D:3:      chequers_temple_overflow_minitemple, uniq_grinder
D:4:      nicolae_ru_path_of_blood, minmay_temple_entry_poolview

Skill      XL: |  1  2  3  4  5  6 |
---------------+-------------------+-----
Conjurations   | 2 3 4 |  4.4
Fire Magic     | 4 5 6 |  6.1
Spellcasting   | 3 |  3.5
Fighting       | 1 2 |  2.0
Dodging        | |  2.1
Stealth        | |  2.0

Action                   |  1- 3 |  4- 6 |  7- 9 || total
-------------------------+-------+-------+-------++-------
Melee: Mace              |    13 |    12 |       ||    25
       Kick              |     2 |     2 |       ||     4
       Unarmed           |     1 |       |       ||     1
       Peck              |       |     2 |       ||     2
 Cast: Flame Tongue      |    61 |    71 |     4 ||   136
       Conjure Flame     |       |     1 |       ||     1
       Throw Flame       |       |       |     1 ||     1
  Use: Scroll            |     3 |     2 |     4 ||     9
       Potion            |       |     4 |     4 ||     8
 Stab: Sleeping          |     1 |       |       ||     1
  Eat: Chunk             |     2 |     5 |     3 ||    10
Armor: Robe              |     7 |     6 |     1 ||    14
Dodge: Dodged            |    26 |    18 |     3 ||    47

Table legend:
 A = Spawn XP
 B = Non-spawn XP
 C = Spawn XP percentage of total XP
 D = Spawn monster count
 E = Non-spawn monster count
 F = Spawn count percentage of total count
 G = Total turns spent on level
                    A         B        C        D         E        F      G
               +---------+---------+-------+---------+---------+-------+---------
         Total |       0 |     659 |   0.0 |       0 |      69 |   0.0 |  3712
               +---------+---------+-------+---------+---------+-------+---------
           D:1 |       0 |      43 |   0.0 |       0 |      25 |   0.0 |  1091
           D:2 |       0 |     137 |   0.0 |       0 |      21 |   0.0 |  1075
           D:3 |       0 |     479 |   0.0 |       0 |      23 |   0.0 |  1533
               +---------+---------+-------+---------+---------+-------+---------
